 Dungeon Crawl Stone Soup version 0.28.0-45-g0d030f2227 (webtiles) character file.

Game seed: 6075181144237104140

11 DuloT34 the Ruffian (level 2, -1/25 HPs)
             Began as a Naga Transmuter on Apr 13, 2022.
             Slain by a goblin
             ... wielding a +0 dagger
              (3 damage)
             ... on level 1 of the Dungeon.
             The game lasted 00:01:54 (825 turns).

DuloT34 the Ruffian (Naga Transmuter)                Turns: 825, Time: 00:01:54

Health: -1/25      AC:  1    Str: 12    XL:     2   Next: 25%
Magic:  5/5        EV: 10    Int: 13    God:
Gold:   5          SH:  0    Dex: 11    Spells: 4/5 levels left

rFire   . . .      SeeInvis +     - Unarmed
rCold   . . .      Faith    .   (no shield)
rNeg    . . .      Spirit   .   a - +0 robe
rPois   +          Reflect  .   (helmet currently unavailable)
rElec   .          Harm     .   (no cloak)
rCorr   .          Rampage  .   (no gloves)
Will    .....                   (no barding)
Stlth   +.........              (no amulet)
HPRegen 0.08/turn               (no ring)
MPRegen 0.09/turn               (no ring)

@: appendages (expiring), very slow
A: horns 2, AC +0, large, see invisible, deformed body, poison resistance,
slowness 2, spit poison 1, naga tail 1
a: Spit Poison, End Transformation


You were on level 1 of the Dungeon.
You had temporarily grown beastly horns.
You visited 1 branch of the dungeon, and saw 1 of its levels.

You collected 5 gold pieces.

Inventory:

Armour
 a - a +0 robe (worn)
Jewellery
 c - a +4 ring of protection
Scrolls
 b - a scroll of magic mapping {unknown}


   Skills:
 - Level 1.0 Fighting
 + Level 2.0 Dodging
 + Level 3.3 Unarmed Combat
 - Level 2.0 Spellcasting
 - Level 2.0 Transmutations


You had 4 spell levels left.
You knew the following spells:

 Your Spells              Type           Power      Damage    Failure   Level
a - Beastly Appendage     Tmut           12%        N/A       11%         1

Your spell library contained the following spells:

 Spells                   Type           Power      Damage    Failure   Level
 Wereblood                Tmut           6%         N/A       17%         2
 Spider Form              Tmut/Pois      3%         N/A       45%         3
 Ice Form                 Ice/Tmut       3%         N/A       86%         4


Dungeon Overview and Level Annotations

Branches:
Dungeon (1/15)

Altars:


Innate Abilities, Weirdness & Mutations

You have temporarily grown beastly horns.
Your serpentine skin is tough. (AC +0)
You have supernaturally acute eyesight. (SInv)
Armour fits poorly on your strangely shaped body.
Your system is resistant to poisons. (rPois)
You cover ground very slowly.
You can spit poison.
You have a snake-like lower body.


Message History

No target in view!
No target in view!
A kobold comes into view. It is wielding a +0 whip.
The kobold shouts!
You hear a shout!
The kobold throws a stone.
The stone hits you but does no damage.
Things that are here:
a +0 short sword; 2 stones; a bat corpse The kobold throws a stone.
The stone hits you.
The kobold throws a stone.
The stone hits you.
A hobgoblin comes into view.
You hit the kobold but do no damage. The kobold hits you with a +0 whip.
You closely miss the kobold. The kobold hits you with a +0 whip.
You are too injured to fight recklessly!
You are too injured to fight recklessly!
You are too injured to fight recklessly!
You hit the kobold but do no damage. The kobold hits you with a +0 whip.
* * * LOW HITPOINT WARNING * * *
Aiming: Spit Poison (2% risk of failure)
Press: ? - help, Shift-Dir - straight line, f - kobold
Aim: a kobold, wielding a +0 whip and quivering stones (50% to hit)
The splash of poison misses the kobold.
The kobold hits you with a +0 whip.
* * * LOW HITPOINT WARNING * * *
Casting: Beastly Appendage (safe; 11% risk of failure)
Confirm with . or Enter, or press ? or * to list all spells.
You grow a pair of large bovine horns.
The kobold hits you with a +0 whip.
* * * LOW HITPOINT WARNING * * *
You hit the kobold.
You kill the kobold!
You hit the hobgoblin. You headbutt the hobgoblin.
The hobgoblin is almost dead.
You have got your breath back.
You hit the hobgoblin.
You kill the hobgoblin!
You start resting.
A goblin comes into view. It is wielding a +0 dagger.
Your transformation is almost over.
The goblin shouts!
You are too injured to fight recklessly!
The goblin hits you with a +0 dagger.
You die...

##.#.## #.#.#
##.#.## #.###.#
##.#.## #.#.#.####
#......).#
#.#.###....#######.#
#........).@g)......
#.######.#.#######.#
... #.#.# ## #.#.#
..#.. #####


You could see a goblin.

Vanquished Creatures
  2 bats (D:1)
  An endoplasm (D:1)
  A goblin (D:1)
  3 hobgoblins (D:1)
  A ball python (D:1)
  2 kobolds (D:1)
10 creatures vanquished.

Vanquished Creatures (others)
  7 plants (D:1)
7 creatures vanquished.

Grand Total: 17 creatures vanquished

Notes
Turn   | Place    | Note
-------+----------+-------------------------------------------
     0 | D:1      | DuloT34 the Naga Transmuter began the quest for the Orb.
     0 | D:1      | Reached XP level 1. HP: 18/18 MP: 3/3
   633 | D:1      | Reached XP level 2. HP: 8/25 MP: 5/5
   815 | D:1      | HP: 1/25 [kobold/+0 whip (3)]
   825 | D:1      | Slain by a goblin

Illustrated notes

Levels and vault maps discovered:
D:1:      lightli_arrival_statue_moat, layout_basic,
          nicolae_ecumenical_lake_church, roderic_roman_lattice,
          hangedman_decor_clover_reticule, chequers_serial_rivers_micro_e,
          serial_bayou_pond_b, kennysheep_another_room, minivault_5,
          supply_closet_lemuel, minmay_close_crescents

Skill      XL: |  1  2 |
---------------+-------+-----
Dodging        | 2 |  2.0
Fighting       | |  1.0
Unarmed Combat | |  3.3
Spellcasting   | |  2.0
Transmutations | |  2.0

Action                   || total
-------------------------++-------
Melee: Unarmed           ||    42
       Punch             ||     1
       Headbutt          ||     2
 Cast: Beastly Appendage ||     2
 Abil: Spit Poison       ||     2
Armor: Robe              ||     7
Dodge: Dodged            ||    19
